Map: Catalyst LE

Players

Retjah (Ret)

  • Race: Zerg Zerg
  • Spawn Location: 5:00

SpaceMarine - Winner!

  • Race: Protoss Protoss
  • Spawn Location: 11:00

Event: WCS Valencia 2018

VOD

Have the link to the VOD?

Description

Time

  • Played on: July 12, 2018, 7:03 a.m.
  • Length: 7:19

All games in this series

Show
View Real Time Build Order
Export as new Build Order

Retjah Zerg 

Build Orders: Hatch First 

Get SALT Encoding   

  12  0:00  Drone  
  13  0:12  Overlord  
  13  0:17  Drone  
  14  0:30  Drone x2  
  16  0:49  Hatchery  
  15  0:52  Drone  
  15  0:55  Drone  
  17  0:59  Drone  
  18  1:08  Extractor  
  17  1:14  Spawning Pool  
  17  1:16  Drone  
  17  1:20  Drone  
  18  1:28  Drone  
  19  1:38  Drone  
  20  1:49  Drone  
  21  2:00  Queen, Drone  
  24  2:01  Queen  
  24  2:04  Drone  
  27  2:12  Zergling x2  
  27  2:13  Overlord, Metabolic Boost  
  28  2:31  Drone x2  
  30  2:37  Drone x2  
  30  2:40  Hatchery  
  31  2:46  Queen  
  31  2:50  Overlord  
  33  2:53  Drone  
  33  2:56  Drone  
  33  2:57  Drone  
  36  3:09  Drone  
  36  3:11  Drone  
  37  3:15  Zergling x6  
  37  3:18  Drone x3  
  43  3:22  Overlord  
  42  3:44  Drone x7  
  42  3:48  Roach Warren  
  47  3:49  Drone  
  47  3:55  Lair, Spore Crawler  
  48  3:58  Extractor  
  48  4:01  Drone x5  
  51  4:03  Overlord  
  51  4:05  Extractor  
  51  4:09  Zergling x4  
  52  4:17  Zergling x4  
  52  4:19  Drone  
  52  4:20  Zergling x4  
  52  4:23  Queen x2  
  62  4:27  Zergling x8  
  66  4:35  Overlord  
  66  4:38  Overlord  
  66  4:57  Drone x10  
  76  5:00  Spore Crawler  
  76  5:04  Overlord  
  73  5:15  Spore Crawler  
  73  5:17  Drone x2  
  73  5:20  Drone  
  70  5:22  Drone x3  
  70  5:25  Drone  
  69  5:31  Hydralisk Den  
  69  5:33  Drone  
  69  5:35  Drone  
  68  5:40  Drone x4  
  72  5:43  Extractor  
  72  5:44  Extractor  
  72  5:47  Evolution Chamber, Drone x5  
  74  5:55  Extractor, Drone x2  
  74  5:56  Drone  
  76  5:59  Overlord  
  76  6:01  Drone x5  
  81  6:07  Overlord  
  81  6:13  Spore Crawler  
  81  6:17  Spore Crawler  
  79  6:20  Drone x2  
  79  6:21  Overlord, Spore Crawler  
  77  6:26  Drone x3  
  80  6:34  Overlord x2  
  80  6:35  Overlord  
  80  6:36  Overlord  
  78  6:46  Overlord  
  78  6:52  Hydralisk x8  
  94  6:54  Hydralisk x3  
  94  6:57  Overlord  
  100  7:01  Overlord  
Show
View Real Time Build Order
Export as new Build Order

SpaceMarine Protoss - Winner!

Build Orders: 1 Gate Expand, Oracle Opening, Mass Phoenix 

Get SALT Encoding   

  12  0:00  Probe  
  13  0:12  Probe  
  14  0:20  Pylon  
  14  0:24  Probe  
  15  0:36  Probe  
  15  0:38  Gateway  
  16  0:44  Assimilator, Probe  
  17  0:53  Probe  
  18  1:05  Probe  
  19  1:21  Nexus  
  19  1:23  Probe  
  20  1:33  Cybernetics Core  
  20  1:37  Probe  
  21  1:45  Assimilator  
  21  1:49  Probe  
  21  1:52  Pylon  
  22  2:00  Probe  
  22  2:01  Warp Gate, Stalker  
  22  2:08  Probe  
  26  2:16  Probe  
  27  2:28  Probe  
  28  2:31  Adept  
  28  2:35  Twilight Council  
  30  2:37  Probe  
  31  2:45  Probe x2  
  33  2:53  Probe  
  33  2:57  Probe  
  35  3:02  Gateway  
  36  3:05  Probe  
  36  3:09  Probe  
  36  3:12  Resonating Glaives  
  37  3:17  Probe  
  37  3:19  Stargate  
  38  3:24  Gateway  
  38  3:25  Probe  
  39  3:29  Probe  
  39  3:30  Assimilator  
  40  3:36  Pylon  
  40  3:38  Probe  
  40  3:39  Assimilator  
  41  3:42  Probe  
  40  3:50  Probe  
  40  3:51  Pylon  
  40  3:54  Probe  
  42  3:56  Oracle, Stargate  
  42  4:02  Probe  
  43  4:06  Probe  
  43  4:08  Pylon  
  47  4:19  Adept x3  
  47  4:21  Probe  
  54  4:25  Probe  
  54  4:30  Pylon  
  55  4:37  Probe  
  56  4:38  Phoenix  
  56  4:39  Adept x3  
  56  4:41  Phoenix  
  66  5:00  Phoenix  
  66  5:04  Phoenix  
  70  5:18  Phoenix  
  62  5:29  Phoenix  
  62  5:32  Pylon  
  62  5:39  Adept x2  
  62  5:40  Phoenix  
  62  5:41  Adept  
  68  5:48  Forge, Phoenix  
  68  5:49  Pylon  
  72  6:00  Pylon  
  72  6:05  Phoenix  
  72  6:06  Adept x2  
  72  6:09  Adept  
  80  6:13  Gateway, Phoenix  
  80  6:15  Gateway  
  82  6:30  Phoenix  
  82  6:31  Adept x2  
  88  6:39  Adept  
  90  6:49  Probe x2  
  90  6:53  Phoenix  
  94  7:03  Probe  
  94  7:05  Probe  
  98  7:13  Nexus  
  98  7:15  Nexus  
  98  7:17  Pylon  
  98  7:18  Pylon  
Tags
 
Add a new tag
Caveats
  • Supply blocks, unpowered buildings, or Contaminate may cause inaccurate times.
  • Supply counts are checked every 10 seconds.